 Dungeon Crawl Stone Soup version 0.25.0-9-g26727b657a (webtiles) character file.

Game seed: 9763556912791674837

233 po7itron the Skirmisher (level 5, -1/48 HPs)
             Began as a Minotaur Fighter on June 21, 2020.
             Was an Initiate of Okawaru.
             Splashed by an orc's acid (12 damage)
             ... on level 4 of the Dungeon.
             The game lasted 00:05:50 (3195 turns).

po7itron the Skirmisher (Minotaur Fighter)          Turns: 3195, Time: 00:05:50

Health: -1/48      AC:  8    Str: 21    XL:     5   Next: 74%
Magic:  4/4        EV:  6    Int:  5    God:    Okawaru [......]
Gold:   145        SH:  9    Dex: 10    Spells: 4/4 levels left

rFire    . . .     SeeInvis .   s - +3 short sword (protect)
rCold    . . .     Gourm    .   c - +0 kite shield
rNeg     . . .     Faith    .   g - +0 chain mail
rPois    .         Spirit   .   (helmet restricted)
rElec    .         Reflect  .   (no cloak)
rCorr    .         Harm     .   (no gloves)
MR       .....                  (no boots)
Stlth    ..........             (no amulet)
HPRegen  0.16/turn              (no ring)
MPRegen  0.09/turn              (no ring)

@: corroded, protection aura
A: retaliatory headbutt, horns 2
a: Renounce Religion


You were on level 4 of the Dungeon.
You worshipped Okawaru.
Okawaru was noncommittal.
You were not hungry.

You visited 2 branches of the dungeon, and saw 5 of its levels.

You collected 145 gold pieces.

Inventory:

Hand Weapons
 a - a +0 long sword
 s - a +3 short sword of protection (weapon)
 v - a +1 vorpal flail
Missiles
 b - 26 poisoned darts
 e - 4 silver javelins (quivered)
 o - 2 throwing nets
Armour
 c - a +0 kite shield (worn)
 g - a +0 chain mail (worn)
Wands
 u - a wand of digging (6)
Scrolls
 d - a scroll of enchant weapon
 i - 4 scrolls of identify
 j - a scroll of fear {unknown}
 l - 6 scrolls of remove curse
 n - a scroll of fog {unknown}
Potions
 k - a potion of curing
 m - a potion of ambrosia
Comestibles
 f - 11 rations
 h - 5 chunks of flesh


   Skills:
 + Level 5.4 Fighting
 + Level 4.7 Long Blades
 - Level 4.0 Armour
 + Level 2.4 Dodging
 - Level 4.0 Shields


You had 4 spell levels left.
You didn't know any spells.
Your spell library was empty.

Dungeon Overview and Level Annotations

Branches:
Dungeon (4/15)             Temple (1/1) D:4

Altars:
Cheibriados
Dithmenos
Elyvilon
Fedhas
Gozag
Hepliaklqana
Kikubaaqudgha
Makhleb
Nemelex Xobeh
Okawaru
Qazlal
Ru
Sif Muna
Trog
Uskayaw
Vehumet
Wu Jian
Xom
Yredelemnul
Zin
The Shining One

Shops:
D:4 %

Annotations:
D:4 3 runed translucent doors, Exodus22XD's ghost, amateur DsGl


Innate Abilities, Weirdness & Mutations

You reflexively headbutt those who attack you in melee.
You have a pair of horns on your head.


Message History

You block the orc wizard's attack.
You hit the orc wizard.
Your weapon exudes an aura of protection.
The orc wizard is almost dead.
The orc wizard hits you but does no damage.
Your shield and chain mail prevent you from hitting the orc wizard.
The orc wizard is almost dead.
The orc zaps a wand.
The bolt of acid hits you! The acid corrodes you!
You are splashed with acid!
The orc wizard hits you with a +0 falchion.
You are too injured to fight recklessly!
You are too injured to fight recklessly!
You are too injured to fight recklessly!
Okay, then.
You hit the orc wizard but do no damage.
The orc wizard is almost dead.
The orc zaps a wand.
The bolt of acid hits you!
* * * LOW HITPOINT WARNING * * *
The acid corrodes you!
You are splashed with acid!
You die...

#≈##......###..... #≈
#≈.##..........
#≈≈##.......##.
##≈≈......### ..#
#.≈...)...# #.# ##..
#.#...#....###..# ##... #
##..##........###....
##.....####..........
#...@..#####.........
.....##.o.<.o......#....
###.....................
≈≈≈......o.<.)....#....
#.≈.#.♣....o.......#....
≈.≈.....≈................
≈≈≈≈≈≈.≈≈........##......
..≈≈≈≈........##......
≈≈≈.........#.....#


You could see an orc wizard and 3 orcs.

Vanquished Creatures
  Terence (D:3)
  2 worker ants (D:4)
  Robin (D:3)
  5 adders
  A worm (D:2)
  4 dart slugs
  3 leopard geckos
  9 orcs
  2 giant cockroaches
  12 hobgoblins
  A jackal (D:3)
  4 kobolds
  A ball python (D:3)
  11 bats
  7 frilled lizards
  15 goblins
  6 rats
85 creatures vanquished.

Vanquished Creatures (others)
  2 plants (D:4)
2 creatures vanquished.

Grand Total: 87 creatures vanquished

Notes
Turn   | Place    | Note
-------+----------+-------------------------------------------
     0 | D:1      | po7itron the Minotaur Fighter began the quest for the Orb.
     0 | D:1      | Reached XP level 1. HP: 19/19 MP: 0/0
   534 | D:1      | Reached XP level 2. HP: 27/27 MP: 1/1
  1176 | D:2      | Reached skill level 1 in Dodging
  1445 | D:2      | Reached skill level 4 in Fighting
  1445 | D:2      | Reached XP level 3. HP: 33/33 MP: 2/2
  1903 | D:2      | Found a blossoming altar of Fedhas.
  1910 | D:2      | Found a glowing golden altar of the Shining One.
  1910 | D:2      | Found an opulent altar of Gozag.
  1921 | D:2      | Found a snail-covered altar of Cheibriados.
  1930 | D:2      | Found a shimmering blue altar of Sif Muna.
  2083 | D:3      | Reached XP level 4. HP: 32/41 MP: 3/3
  2171 | D:3      | Noticed Robin
  2190 | D:3      | Killed Robin
  2593 | D:3      | Reached XP level 5. HP: 47/47 MP: 4/4
  2610 | D:3      | Reached skill level 5 in Fighting
  2749 | D:3      | Noticed Terence
  2760 | D:3      | Killed Terence
  2872 | D:4      | Found Naduria's Food Emporium.
  2924 | D:4      | Found a staircase to the Ecumenical Temple.
  2931 | Temple   | Entered the Ecumenical Temple
  3025 | Temple   | Became a worshipper of Warmaster Okawaru
  3116 | D:4      | Found a runed translucent gate.
  3117 | D:4      | Found a runed translucent gate.
  3117 | D:4      | Found a runed translucent gate.
  3117 | D:4      | Identified the +6 dagger of Buykkuam {venom, rC++}
  3118 | D:4      | Noticed Exodus22XD's ghost (amateur DsGl)
  3195 | D:4      | Splashed by an orc's acid

Illustrated notes

Levels and vault maps discovered:
D:1:      lemuel_arrival_river_ford, layout_basic, hex_tiny, serial_bayou_pond_d
D:2:      kb_forest_paths, layout_basic, minmay_overflow_temple_star_hex,
          ashenzari_altar_1, first_ration
D:3:      minmay_bubble_buster, layout_basic, fountainhead, uniq_robin,
          uniq_terence
D:4:      layout_cave_pools, minmay_temple_entry_steel_oval, serial_shops,
          nicolae_shop_competitors_out_of_business, serial_rivers,
          chequers_serial_rivers_small_b, chequers_serial_rivers_marsh,
          chequers_serial_rivers_small_b, chequers_serial_rivers_marsh,
          chequers_serial_rivers_micro_d, gammafunk_ghost_nasty_kobolds,
          serial_park_tiny_1
Temple:   compressed_dpeg_circular_temple

Skill      XL: |  1  2  3  4  5 |
---------------+----------------+-----
Dodging        | 1 2 |  2.4
Fighting       | 4 5 |  5.4
Long Blades    | 3 4 |  4.7
Armour         | 4 |  4.0
Shields        | 4 |  4.0

Action                   |  1- 3 |  4- 6 || total
-------------------------+-------+-------++-------
Melee: Long sword        |    90 |       ||    90
       Headbutt          |    11 |    13 ||    24
       Short sword       |    12 |   106 ||   118
  Use: Scroll            |       |     8 ||     8
       Potion            |       |     4 ||     4
  Eat: Chunk             |     4 |     3 ||     7
Armor: Scale mail        |     5 |       ||     5
       Chain mail        |    43 |    73 ||   116
Dodge: Dodged            |    27 |    26 ||    53
Block: Kite shield       |    53 |    46 ||    99
       Rpst.: Long sword |     5 |       ||     5
